Map: Dreamcatcher LE

Players

LiquidSnute (Snute) - Winner!

  • Race: Zerg Zerg
  • League: Grandmaster
  • Spawn Location: 5:00

liquidthermy (uThermal)

  • Race: Protoss Protoss
  • League: Grandmaster
  • Spawn Location: 11:00

Event: HomeStory Cup XVII

VOD

Have the link to the VOD?

Description

Time

  • Played on: June 29, 2018, 1:15 p.m.
  • Length: 6:10

All games in this series

Show
View Real Time Build Order
Export as new Build Order

LiquidSnute Zerg - Winner!

Build Orders: Hatch First 

Get SALT Encoding   

  12  0:00  Drone  
  13  0:12  Overlord  
  13  0:17  Drone  
  14  0:30  Drone x2  
  16  0:48  Hatchery  
  15  0:50  Drone  
  15  0:54  Drone  
  17  0:57  Drone  
  17  1:02  Extractor  
  17  1:14  Spawning Pool  
  17  1:16  Drone  
  17  1:21  Drone  
  18  1:27  Drone  
  19  1:38  Overlord  
  19  1:49  Drone  
  20  1:59  Drone  
  20  2:00  Drone  
  22  2:01  Queen  
  22  2:03  Metabolic Boost  
  22  2:07  Queen  
  26  2:12  Drone  
  27  2:17  Zergling x2  
  28  2:32  Zergling x2  
  28  2:33  Hatchery  
  28  2:36  Zergling x2  
  29  2:38  Zergling x2  
  29  2:43  Overlord, Zergling x2  
  31  2:52  Overlord  
  31  2:56  Zergling x4  
  33  3:04  Zergling x2  
  34  3:08  Zergling x2  
  34  3:10  Drone x3  
  38  3:16  Drone  
  38  3:19  Drone  
  40  3:24  Queen x2  
  44  3:28  Overlord  
  44  3:31  Drone  
  44  3:37  Drone  
  44  3:42  Drone x3  
  44  3:43  Drone  
  44  3:47  Drone  
  48  3:48  Drone  
  48  3:54  Zergling x2  
  48  3:55  Zergling x6  
  51  4:00  Zergling x2  
  48  4:08  Drone x3  
  48  4:09  Lair  
  51  4:15  Drone x2  
  53  4:17  Drone  
  53  4:22  Extractor  
  53  4:24  Roach Warren  
  53  4:25  Drone  
  53  4:26  Drone  
  53  4:30  Baneling Nest, Drone  
  54  4:34  Drone x3  
  54  4:35  Drone  
  54  4:37  Drone x2  
  60  4:39  Drone  
  60  4:42  Overlord  
  60  4:45  Drone  
  62  4:49  Drone x3, Extractor x2  
  63  4:54  Overlord  
  63  4:58  Drone  
  63  4:59  Overlord, Drone x2  
  66  5:05  Overlord  
  66  5:10  Roach x3  
  66  5:12  Roach  
  74  5:15  Overlord  
  74  5:19  Roach x3  
  80  5:22  Zergling x2  
  80  5:23  Zergling x2  
  80  5:26  Zergling x6  
  85  5:29  Zergling x2  
  85  5:30  Ravager  
  85  5:31  Ravager  
  85  5:34  Zergling x4  
  90  5:37  Ravager  
  90  5:40  Zergling x10  
  95  5:45  Ravager  
  95  5:47  Zergling x6  
  89  6:03  Ravager  
Show
View Real Time Build Order
Export as new Build Order

liquidthermy Protoss 

Build Orders: 1 Gate Expand 

Get SALT Encoding   

  12  0:01  Probe  
  13  0:13  Probe  
  14  0:18  Pylon  
  14  0:23  Probe  
  15  0:32  Probe  
  15  0:39  Gateway  
  15  0:41  Probe  
  16  0:46  Assimilator  
  17  0:52  Probe  
  18  1:00  Probe  
  19  1:08  Probe  
  20  1:23  Nexus  
  20  1:34  Cybernetics Core  
  20  1:36  Probe  
  21  1:45  Assimilator  
  21  1:48  Probe  
  21  1:52  Pylon  
  22  2:00  Probe  
  23  2:01  Adept  
  23  2:12  Warp Gate  
  23  2:13  Probe  
  26  2:21  Robotics Facility  
  26  2:25  Probe  
  27  2:32  Stalker  
  27  2:36  Probe  
  30  2:38  Probe  
  31  2:48  Probe  
  31  2:51  Probe  
  33  2:59  Immortal  
  33  3:00  Probe  
  33  3:03  Probe  
  37  3:08  Sentry  
  42  3:13  Pylon  
  41  3:29  Gateway  
  41  3:30  Gateway  
  41  3:32  Gateway  
  37  3:44  Immortal  
  34  4:15  Sentry  
  36  4:19  Warp Prism  
  38  4:24  Sentry x2  
  38  4:31  Probe x2  
  44  4:35  Zealot  
  46  4:47  Stalker  
  46  4:49  Pylon  
  48  4:53  Stalker  
  48  4:58  Sentry  
  52  5:07  Pylon  
  52  5:11  Pylon, Zealot  
  54  5:14  Zealot  
  56  5:29  Zealot x2  
  56  5:32  Sentry  
  62  5:45  Sentry  
Tags
 
Add a new tag
Caveats
  • Supply blocks, unpowered buildings, or Contaminate may cause inaccurate times.
  • Supply counts are checked every 10 seconds.